 Dungeon Crawl Stone Soup version 0.31-a0-237-g2d982f9f85 (webtiles) character file.

Game seed: 10411396683103394241

616 qw the Shooter (level 7, -1/60 HPs)
             Began as a Minotaur Hexslinger on July 11, 2023.
             Killed by divine providence
             ... invoked by an orc priest
              (13 damage)
             ... on level 5 of the Dungeon.
             The game lasted 00:01:28 (3912 turns).

qw the Shooter (Minotaur Hexslinger)                Turns: 3912, Time: 00:01:28

Health: -1/60      AC:  7    Str: 12    XL:     7   Next: 21%
Magic:  7/7        EV: 11    Int: 10    God:
Gold:   345        SH:  0    Dex: 15    Spells: 7/8 levels left

rFire   . . .        Y - +2 sling
rCold   . . .        (no shield)
rNeg    . . .        d - +0 ring mail
rPois   +            (helmet restricted)
rElec   .            (no cloak)
rCorr   .            c - +1 pair of gloves
SInv    .            (no boots)
Will    +....        (no amulet)
Stlth   +            (no ring)
HPRegen 0.30/turn    (no ring)
MPRegen 0.10/turn

%: no passive effects
@: no status effects
A: horns 2, retaliatory headbutt, strong-willed 1, poison resistance
a: no special abilities


You were on level 5 of the Dungeon.
You visited 1 branch of the dungeon, and saw 5 of its levels.

You collected 345 gold pieces.


Innate Abilities, Weirdness & Mutations

You have a pair of horns on your head.
You reflexively headbutt those who attack you in melee.
You are strong-willed. (Will+)
Your system is resistant to poisons. (rPois)


   Skills:
 - Level 4.8 Fighting
 + Level 7.5 Ranged Weapons
 - Level 1.0 Armour
 - Level 2.1 Dodging
 - Level 1.0 Spellcasting
 - Level 2.0 Hexes


You had 7 spell levels left.
You knew the following spells:

 Your Spells              Type           Power      Damage    Failure   Level
a - Slow                  Hex            16%        N/A       34%         1

Your spell library contained the following spells:

 Spells                   Type           Power      Damage    Failure   Level
 Inner Flame              Hex/Fire       2%         N/A       83%         3
 Portal Projectile        Hex/Tloc       4%         N/A       83%         3
 Cause Fear               Hex            2%         N/A       98%         4

Inventory:

Hand Weapons
 Y - a +2 sling (weapon)
Armour
 c - a +1 pair of gloves (worn)
 d - a +0 ring mail (worn)
Scrolls
 e - a scroll of identify
Potions
 a - 2 potions of curing
 g - a potion of haste
 h - a potion of mutation
 i - a potion of heal wounds {unknown}

Dungeon Overview and Level Annotations

Branches:
Dungeon (5/15)
 Temple: D:4-7

Altars:
Dithmenos
Gozag
Kikubaaqudgha

Annotations:
D:2 1 runed translucent door, Crazy Yiuf, Natasha


Message History

You shoot a sling bullet.
The sling bullet closely misses the orc priest.
The orc priest hits you from afar with a +0 trident.
You shoot a sling bullet.
The sling bullet barely misses the orc priest.
The orc priest closely misses you.
An orc comes into view. It is wielding a +0 dagger.
You shoot a sling bullet. The sling bullet hits the orc priest.
The orc priest is lightly wounded.
The orc priest hits you from afar with a +0 trident.
You shoot a sling bullet. The sling bullet hits the orc priest.
The orc priest is moderately wounded.
The orc priest hits you from afar with a +0 trident!
The orc priest hits you but does no damage.
You shoot a sling bullet. The sling bullet hits the orc priest.
The orc priest is severely wounded.
The orc priest barely misses you.
You shoot a sling bullet. The sling bullet hits the orc priest.
The orc priest is almost dead.
The orc priest barely misses you.
You shoot a sling bullet.
The sling bullet closely misses the orc.
The orc priest closely misses you. The orc hits you but does no damage.
You shoot a sling bullet. The sling bullet hits the orc.
The orc is heavily wounded.
The orc priest hits you but does no damage.
The orc hits you but does no damage.
You shoot a sling bullet. The sling bullet hits the orc!
You kill the orc!
The orc priest calls down the wrath of Beogh upon you.
Beogh smites you!
You shoot a sling bullet.
The sling bullet closely misses the orc priest.
The orc priest barely misses you.
You shoot a sling bullet. The sling bullet hits the orc priest.
The orc priest is almost dead.
The orc priest hits you but does no damage.
The orc priest invokes the aid of Beogh against you.
Beogh smites you!
You die...

#.......#..#.# #<
#.......#<...#
#.##.......#.#.###.
..####....>.......
o. #.###..#.#### #o
#.###..#.# #.###.
#.##.....#
#....o####.##...###
#.)@........# #. #
#.########)## #. .
. #. ##.....#
#.#.#. .. #...####
#.#... r## #[..#
#.##.# #. #...#
##..... # #...#
#...... #...#
#.#.... #..>#
###......


You could see an orc priest.

Vanquished Creatures
  A phantom (D:4)
  A scorpion (D:5)
  3 orc priests
  A hound (D:4)
  An iguana (D:5)
  Jessica (D:2)
  Natasha (twice) (D:2)
  3 orc wizards (D:5)
  4 gnolls (D:4)
  6 adders
  A white imp (D:5)
  2 dart slugs
  10 orcs
  8 ball pythons
  6 endoplasms
  2 giant cockroaches
  2 goblins (D:1)
  8 hobgoblins
  3 jackals (D:1)
  5 kobolds
  2 quokkas
  5 bats
  A frilled lizard (D:3)
  8 rats
  3 rat zombies (D:3)
  A spectral kobold (D:3)
90 creatures vanquished.

Notes
Turn   | Place    | Note
-------+----------+-------------------------------------------
     0 | D:1      | qw the Minotaur Hexslinger began the quest for the Orb.
     0 | D:1      | Reached XP level 1. HP: 16/16 MP: 1/1
     0 | D:1      | 0 ||| qw: Version: 0.3-a-52-g30416fa
     0 | D:1      | 0 ||| qw: Game counter: 5593
     0 | D:1      | 0 ||| qw: Melee chars always use a shield: true
     0 | D:1      | 0 ||| qw: God list: Okawaru
     0 | D:1      | 0 ||| qw: Allow faded altars: false
     0 | D:1      | 0 ||| qw: Do Orc after clearing Dungeon:15 true
     0 | D:1      | 0 ||| qw: Do second Lair branch before Depths: true
     0 | D:1      | 0 ||| qw: Lair rune preference: random
     0 | D:1      | 0 ||| qw: Goals: Normal
     0 | D:1      | 0 ||| PLANNING D:1-11
   131 | D:1      | Reached skill level 3 in Ranged Weapons
   131 | D:1      | Reached XP level 2. HP: 23/23 MP: 2/2
   585 | D:1      | Reached XP level 3. HP: 24/29 MP: 3/3
   684 | D:1      | 684 ||| UPGRADING to +0 leather armour.
   694 | D:1      | 694 ||| DROPPING +0 robe.
   695 | D:1      | 695 ||| READING scroll labelled ROZOQE VAIHIM.
   696 | D:1      | 696 ||| READING 2 scrolls labelled GUAMYT CAPTULO.
   697 | D:1      | 697 ||| READING scroll labelled KYIFOL BEVOCOSH.
   700 | D:1      | 700 ||| DROPPING scroll of poison.
   782 | D:2      | 782 ||| FLEEEEING.
   783 | D:2      | 783 ||| FLEEEEING.
   784 | D:2      | 784 ||| FLEEEEING.
   785 | D:2      | 785 ||| FLEEEEING.
   786 | D:2      | 786 ||| FLEEEEING.
   787 | D:2      | 787 ||| FLEEEEING.
   788 | D:2      | 788 ||| FLEEEEING.
   789 | D:2      | 789 ||| FLEEEEING.
   790 | D:2      | 790 ||| FLEEEEING.
   791 | D:2      | 791 ||| FLEEEEING.
   792 | D:2      | 792 ||| FLEEEEING.
   793 | D:2      | 793 ||| FLEEEEING.
   794 | D:2      | 794 ||| FLEEEEING.
   809 | D:2      | Noticed Jessica
   815 | D:2      | Killed Jessica
   816 | D:2      | Reached skill level 4 in Ranged Weapons
  1072 | D:2      | Found a runed translucent door.
  1073 | D:2      | Noticed Crazy Yiuf
  1319 | D:2      | Noticed Natasha
  1324 | D:2      | Killed Natasha
  1325 | D:2      | Reached XP level 4. HP: 32/36 MP: 4/4
  1449 | D:2      | Noticed Natasha
  1450 | D:2      | 1450 ||| FLEEEEING.
  1451 | D:2      | 1451 ||| FLEEEEING.
  1452 | D:2      | 1452 ||| FLEEEEING.
  1458 | D:2      | Killed Natasha
  1459 | D:2      | Reached skill level 5 in Ranged Weapons
  1733 | D:2      | Noticed Natasha
  1737 | D:2      | 1737 ||| DRINKING 2 blue potions.
  1738 | D:2      | 1738 ||| DRINKING 2 bubbling inky potions.
  1739 | D:2      | 1739 ||| READING 2 scrolls of identify.
  1739 | D:2      | 1739 ||| IDENTIFYING fuming golden potion
  1740 | D:2      | 1740 ||| DROPPING potion of brilliance.
  1741 | D:2      | 1741 ||| DROPPING potion of magic.
  1916 | D:3      | Reached XP level 5. HP: 41/42 MP: 5/5
  2167 | D:3      | Found an ancient bone altar of Kikubaaqudgha.
  2194 | D:3      | Found a faded altar of an unknown god.
  2406 | D:3      | Reached skill level 3 in Fighting
  2544 | D:3      | 2544 ||| UPGRADING to +1 pair of gloves.
  2549 | D:3      | 2549 ||| UPGRADING to +0 ring mail.
  2559 | D:3      | 2559 ||| DROPPING +0 leather armour.
  2560 | D:3      | 2560 ||| READING scroll labelled KIGYJU WUXUI.
  2561 | D:3      | 2561 ||| READING scroll labelled TEWKUL VILILAU.
  2562 | D:3      | 2562 ||| READING 2 scrolls labelled CEUMNU PAEKLUA.
  2563 | D:3      | 2563 ||| DRINKING 3 sedimented brown potions.
  2564 | D:3      | 2564 ||| DROPPING 2 potions of degeneration.
  2565 | D:3      | 2565 ||| DROPPING scroll of immolation.
  2701 | D:4      | Found a shadowy altar of Dithmenos.
  2740 | D:4      | Found an opulent altar of Gozag.
  2802 | D:4      | Reached skill level 1 in Armour
  2839 | D:4      | HP: 11/45 [gnoll/+0 flail (4)]
  2840 | D:4      | 2840 ||| READING scroll of teleportation.
  3035 | D:4      | Reached skill level 6 in Ranged Weapons
  3051 | D:4      | Reached XP level 6. HP: 23/51 MP: 6/6
  3577 | D:4      | 3577 ||| DRINKING 2 glowing cyan potions.
  3577 | D:4      | Gained mutation: You are strong-willed. (Will+) [potion of
                  | mutation]
  3577 | D:4      | Gained mutation: Your system is resistant to poisons.
                  | (rPois) [potion of mutation]
  3578 | D:4      | 3578 ||| READING 2 scrolls of identify.
  3578 | D:4      | 3578 ||| IDENTIFYING lumpy blue potion
  3592 | D:5      | Entered Level 5 of the Dungeon
  3768 | D:5      | 3768 ||| FLEEEEING.
  3769 | D:5      | 3769 ||| FLEEEEING.
  3770 | D:5      | 3770 ||| FLEEEEING.
  3825 | D:5      | Reached skill level 7 in Ranged Weapons
  3825 | D:5      | Reached XP level 7. HP: 52/60 MP: 7/7
  3891 | D:5      | 3891 ||| Stepping ~*~*~tactically~*~*~ (outnumbered).
  3910 | D:5      | HP: 12/60 [orc priest/divine providence (11)]
  3912 | D:5      | Killed from afar by an orc priest

Levels and vault maps discovered:
D:1:      mrwooster_arrival_statue_3, layout_basic
D:2:      layout_basic, uniq_jessica, uniq_natasha, uniq_crazy_yiuf_cottage
D:3:      minmay_door_path, layout_basic, lemuel_zombie_altar_kikubaaqudgha,
          dreamdust_ecumenical_altar_drowned_temple, kennysheep_path_1
D:4:      layout_loops_cross, amcnicky_altar_gilded,
          grunt_dithmenos_smoke_and_mirrors, kennysheep_generic_room_10
D:5:      minmay_diamond_boxcup, layout_loops_cross,
          nicolae_overflow_crystal_walls, serial_bayou_pond_a,
          uniq_blork_the_orc, uniq_sigmund

Skill      XL: |  1  2  3  4  5  6 |
---------------+-------------------+-----
Ranged Weapons | 3 4 5 6 7 |  7.5
Fighting       | 2 3 4 |  4.8
Armour         | 1 |  1.0
Dodging        | |  2.1
Spellcasting   | |  1.0
Hexes          | |  2.0

Action                     |  1- 3 |  4- 6 |  7- 9 || total
---------------------------+-------+-------+-------++-------
   Fire: Sling             |   107 |   202 |    36 ||   345
    Use: Scroll            |     3 |     6 |       ||     9
         Potion            |       |     4 |       ||     4
 Armour: Robe              |     8 |       |       ||     8
         Leather armour    |     1 |     5 |       ||     6
         Ring mail         |       |    37 |    13 ||    50
  Dodge: Dodged            |    33 |    60 |    16 ||   109

Table legend:
 A = Non-vault XP
 B = Vault XP
 C = Vault XP percentage of total XP
 D = Non-vault monster count
 E = Vault monster count
 F = Vault count percentage of total count
                 A         B        C        D         E       F
            +---------+---------+-------+---------+---------+-------
      Total |     654 |     227 |  25.8 |      79 |      11 |  12.2
            +---------+---------+-------+---------+---------+-------
        D:1 |      43 |       0 |   0.0 |      25 |       0 |   0.0
        D:2 |      54 |      73 |  57.5 |      12 |       2 |  14.3
        D:3 |      35 |      31 |  47.0 |      13 |       7 |  35.0
        D:4 |     162 |     123 |  43.2 |      14 |       2 |  12.5
        D:5 |     360 |       0 |   0.0 |      15 |       0 |   0.0
            +---------+---------+-------+---------+---------+-------
